 Dungeon Crawl Stone Soup version 0.30-a0-165-g1891117ce2 (webtiles) character file.

Game seed: 9666042569930731737

619 Datul the Cleaver (level 8, -2/61 HPs)
             Began as a Meteoran Reaver on Sept 28, 2022.
             Slain by a hornet (3 damage)
             ... on level 7 of the Dungeon.
             The game lasted 00:10:04 (1253 turns).

Datul the Cleaver (Meteoran Reaver)                 Turns: 1253, Time: 00:10:05

Health: -2/61      AC:  3    Str: 16    XL:     8   Next: 4%
Magic:  13/13      EV: 12    Int: 14    God:
Gold:   145        SH:  0    Dex: 13    Spells: 11/12 levels left

rFire   . . .      SeeInvis .    a - +0 hand axe
rCold   . . .      Faith    .    (no shield)
rNeg    . . .      Spirit   .    b - +0 leather armour
rPois   .          Reflect  .    (no helmet)
rElec   .          Harm     .    (no cloak)
rCorr   .          Rampage  .    (no gloves)
Will    +....                    (no boots)
Stlth   +.........               (no amulet)
HPRegen 0.20/turn                (no ring)
MPRegen 0.13/turn                (no ring)

@: mighty, lethally poisoned (-2 -> -10), slowed, glowing, very slow
A: sense surroundings 1, otherworldly, glowing, explore regen
a: no special abilities


You were on level 7 of the Dungeon.
You visited 1 branch of the dungeon, and saw 7 of its levels.

You collected 145 gold pieces.

Inventory:

Hand Weapons
 a - a +0 hand axe (weapon)
 c - a +0 sling
 d - a +0 morningstar
Missiles
 f - 5 silver boomerangs (quivered)
Armour
 b - a +0 leather armour (worn)
Scrolls
 i - a scroll of magic mapping
Potions
 e - a potion of lignification


   Skills:
 - Level 2.2 Fighting
 + Level 10.0 Axes
 - Level 2.4 Dodging
 - Level 2.7 Spellcasting
 - Level 3.6 Conjurations


You had 11 spell levels left.
You knew the following spells:

 Your Spells              Type           Power      Damage    Failure   Level
a - Kiss of Death         Conj/Necr      28%        2d7       13%         1

Your spell library contained the following spells:

 Spells                   Type           Power      Damage    Failure   Level
 Momentum Strike          Conj/Tloc      14%        3d8       19%         2
 Hailstorm                Conj/Ice       7%         3d4       36%         3


Dungeon Overview and Level Annotations

Branches:
Dungeon (7/15) Zot: 2973
 Temple: D:4-7

Altars:
Ashenzari
Elyvilon
Fedhas
Kikubaaqudgha
Makhleb
Uskayaw
Zin

Shops:
D:2 !   D:4 [   D:5 [

Annotations:
D:3 1 transporter, drugrobin's ghost, weakling DgDe


Innate Abilities, Weirdness & Mutations

You passively map a small area around you.
You are easily found by Zot.
You glow in the dark.
You regain HP and MP as you explore.


Message History

You now have 145 gold pieces (gained 14).
A hornet comes into view.
The hornet buzzes angrily.
Throw: 5 boomerangs (silver)
Press: ? - help, Q - select action, (/) - cycle Shift-Dir - straight line, f - hornet
Aim: a hornet (42% to hit)
You throw a silver boomerang.
The silver boomerang barely misses the hornet.
You feel very mighty all of a sudden. The hornet barely misses you.
You miss the hornet. The hornet stings you!
You suddenly lose the ability to move!
The hornet stings you but does no damage.
The hornet stings you!
You feel yourself slow down.
You can move again.
You take 30 damage, and have 31/61 hp.
MASSIVE DAMAGE!!
You barely miss the hornet. The hornet completely misses you.
The hornet stings you.
You feel as though you will be slow longer.
You take 5 damage, and have 26/61 hp.
You closely miss the hornet. The hornet stings you!
* * * LOW HITPOINT WARNING * * *
You shrug off the repeated paralysis!
You take 7 damage, and have 19/61 hp.
Unknown command.
You hit the hornet.
The hornet is lightly wounded.
The hornet barely misses you. The hornet stings you.
* * * LOW HITPOINT WARNING * * *
You are poisoned.
You feel as though you will be slow longer.
You take 5 damage, and have 14/61 hp.
You barely miss the hornet.
The hornet is lightly wounded.
You feel very sick. The hornet stings you!
* * * LOW HITPOINT WARNING * * *
You feel as though you will be slow longer.
The hornet stings you.
You die...

, , * ####.##.# *,
#....(..# , * #.##.##.#
* , #.##.##.# # ,
#.##.##.# .####. *
#.##.##.###......
########................
................@y......
.....###.##.######.####.
.....# #.##.# ,#
.....#*#.##.# ,
.........##.#
.....######.# ###### #.#
* * , ** ** #.# ,* * * ,


You could see a hornet.

Vanquished Creatures
  An ice beast (D:5)
  2 ogres
  2 scorpions (D:4)
  A howler monkey (D:5)
  A hound (D:4)
  3 iron imps (D:4)
  An iguana (D:5)
  2 gnolls (D:5)
  3 adders
  2 orcs (D:3)
  3 endoplasms
  A giant cockroach (D:3)
  A goblin (D:2)
  2 hobgoblins
  2 ball pythons
  A kobold (D:3)
  3 rats
31 creatures vanquished.

Notes
Turn   | Place    | Note
-------+----------+-------------------------------------------
     0 | D:1      | Datul the Meteoran Reaver began the quest for the Orb.
     0 | D:1      | Reached XP level 1. HP: 17/17 MP: 5/5
     7 | D:2      | Found Difasiup's Distillery.
    52 | D:3      | Reached skill level 4 in Axes
    52 | D:3      | Reached XP level 2. HP: 20/24 MP: 6/6
    90 | D:2      | Reached XP level 3. HP: 27/29 MP: 8/8
   124 | D:3      | Found a blossoming altar of Fedhas.
   124 | D:3      | Found a white marble altar of Elyvilon.
   125 | D:3      | Found a broken altar of Ashenzari.
   125 | D:3      | Found a glowing silver altar of Zin.
   125 | D:3      | Found a hide-covered altar of Uskayaw.
   157 | D:3      | Noticed an ogre
   161 | D:3      | Killed an ogre
   162 | D:3      | Reached skill level 6 in Axes
   162 | D:3      | Reached XP level 4. HP: 14/36 MP: 6/9
   162 | D:3      | Reached XP level 5. HP: 16/41 MP: 6/10
   201 | D:3      | Noticed drugrobin's ghost (weakling DgDe)
   202 | D:3      | Found a transporter.
   268 | D:4      | Reached skill level 7 in Axes
   268 | D:4      | Reached XP level 6. HP: 17/44 MP: 9/11
   313 | D:4      | Found a burning altar of Makhleb.
   349 | D:4      | HP: 2/44 [iron imp (9)]
   719 | D:4      | Reached skill level 8 in Axes
   775 | D:4      | Found Vuocate's Armour Boutique.
   808 | D:4      | Reached XP level 7. HP: 7/55 MP: 12/12
   867 | D:5      | Entered Level 5 of the Dungeon
   887 | D:5      | Reached skill level 9 in Axes
   911 | D:5      | Found Iseiclok's Armour Emporium.
   968 | D:5      | Found an ancient bone altar of Kikubaaqudgha.
  1071 | D:5      | Reached skill level 10 in Axes
  1071 | D:5      | Reached XP level 8. HP: 10/61 MP: 13/13
  1081 | D:5      | HP: 1/91 [gnoll/+0 club (5)]
  1205 | D:6      | You fall into a shaft and drop 1 floor!
  1244 | D:7      | Noticed a hornet
  1248 | D:7      | Paralysed by a hornet for 1 turns
  1253 | D:7      | HP: 1/61 [hornet (11)]
  1253 | D:7      | Slain by a hornet

Illustrated notes

Levels and vault maps discovered:
D:1:      dpeg_arrival_long_road, layout_loops_ring, serial_shops,
          nicolae_shop_crystal
D:2:      layout_loops_ring, basic_altar, serial_shops, nicolae_shop_waterfront,
          minmay_tetromino_l2, uniq_terence
D:3:      layout_loops_ring, grunt_temple_overflow_open,
          gammafunk_ghost_stat_death, st_stairs_8
D:4:      layout_basic, demons_altar, minmay_temple_entry_nine_rooms,
          serial_shops, nicolae_shop_waterfront, st_stairs_12
D:5:      layout_basic, general_overflow_altar, serial_shops,
          nicolae_lakefront_shop, uniq_blork_the_orc, uniq_duvessa
D:6:      layout_loops_ring, minmay_misc_feat_tower
D:7:      minmay_octagon_keep, layout_basic, enter_bailey_5

Skill      XL: |  1  2  3  4  5  6  7 |
---------------+----------------------+-----
Axes           | 4 6 7 8 10 | 10.0
Fighting       | |  2.2
Dodging        | |  2.4
Spellcasting   | |  2.7
Conjurations   | |  3.6

Action                   |  1- 3 |  4- 6 |  7- 9 || total
-------------------------+-------+-------+-------++-------
Melee: Hand axe          |    23 |    81 |    59 ||   163
       Punch             |       |     2 |       ||     2
Throw: Boomerang         |       |     1 |     6 ||     7
 Cast: Kiss of Death     |     4 |     2 |     1 ||     7
  Use: Potion            |       |     3 |     3 ||     6
       Scroll            |       |       |     2 ||     2
Armor: Leather armour    |     3 |    10 |     4 ||    17
       Skin              |       |     6 |    36 ||    42
Dodge: Dodged            |    13 |    30 |    17 ||    60

Table legend: (Time is in decaauts)
 A = Elapsed time spent in this place.
 B = Non-inter-level travel time spent in this place.
 C = Inter-level travel time spent in this place.
 D = Time resting spent in this place.
 E = Time spent auto-exploring this place.
 F = Levels seen in this place.
 G = Mean time per level.
                   A        B        C        D        E       F      G
               +--------+--------+--------+--------+--------+-----+--------+
         Total |   1225 |   1161 |     64 |    257 |    102 |   7 |  175.0 |
       Dungeon |   1225 |   1161 |     64 |    257 |    102 |   7 |  175.0 |
               +--------+--------+--------+--------+--------+-----+--------+

Top non-repeatable levels by time:
     D:4: 553 daAuts
     D:5: 254 daAuts
     D:3: 251 daAuts
     D:6: 56 daAuts
     D:2: 54 daAuts
     D:7: 48 daAuts
     D:1: 6 daAuts
